 Dungeon Crawl Stone Soup version 0.24.0-13-gcf9b3192b9 (webtiles) character file.

Game seed: 16003174252664135230, levelgen mode: deterministic

117 Katsumi the Changer (level 4, 0/21 HPs)
             Began as a Felid Transmuter on Nov 9, 2019.
             Slain by an orc
             ... wielding a +0 hand axe
              (7 damage)
             ... on level 4 of the Dungeon.
             The game lasted 00:04:56 (4916 turns).

Katsumi the Changer (Felid Transmuter)              Turns: 4916, Time: 00:04:56

Health: 0/21       AC:  1    Str:  6    XL:     4   Next: 71%
Magic:  8/8        EV: 18    Int: 18    God:
Gold:   133        SH:  0    Dex: 17    Spells: 0/7 levels left
                                        Lives:  0   Deaths: 1

rFire    . . .     SeeInvis +     - Unarmed
rCold    + . .     Gourm    .   (shield unavailable)
rNeg     . . .     Faith    .   (armour unavailable)
rPois    .         Spirit   .   (helmet unavailable)
rElec    .         Reflect  .   (cloak unavailable)
rCorr    .         Harm     .   (gloves unavailable)
MR       .....                  (boots unavailable)
Stlth    ++........             n - amulet of rage
HPRegen  0.07/turn              b - ring of protection from cold
MPRegen  0.11/turn              k - +3 ring of intelligence

@: quick
A: very small, no armour, no weapons or thrown items, stealth, claws 1, fangs 3,
see invisible, carnivore, speed 1, shaggy fur 1, slow metabolism 1, sharp paws
a: Evoke Berserk Rage


You were on level 4 of the Dungeon.
You were full.

You visited 1 branch of the dungeon, and saw 4 of its levels.

You collected 133 gold pieces.

Inventory:

Missiles
 a - 23 arrows
Jewellery
 b - a ring of protection from cold (left paw)
 k - a +3 ring of intelligence (right paw)
 l - an uncursed ring of protection from fire
 n - an amulet of rage (around neck)
Scrolls
 g - a scroll of enchant weapon {unknown}
 h - 2 scrolls of teleportation
 o - a scroll of blinking {unknown}
Potions
 d - 2 potions of agility {unknown}
 e - 2 potions of degeneration {unknown}
 f - a potion of flight
 i - a potion of mutation
 j - a potion of berserk rage {unknown}
 m - a potion of invisibility {unknown}
 p - a potion of curing {unknown}
 q - a potion of lignification {unknown}
Comestibles
 c - 7 rations


   Skills:
 - Level 3.0 Fighting
 - Level 2.6 Dodging
 - Level 3.0 Unarmed Combat
 - Level 2.0 Spellcasting
 + Level 5.8 Transmutations


You couldn't memorise any spells.
You knew the following spells:

 Your Spells              Type           Power        Failure   Level  Hunger
a - Beastly Appendage     Tmut           ###...       1%          1    #......
b - Sticks to Snakes      Tmut           ###.....     2%          2    ###....
c - Blade Hands           Tmut           ###.......   41%         5    ######.

Your spell library contained the following spells:

 Spells                   Type           Power        Failure   Level  Hunger
 Spider Form              Tmut/Pois      ##........   16%         3    ###....
 Ice Form                 Ice/Tmut       ##......     47%         4    #####..


Dungeon Overview and Level Annotations

Branches:
Dungeon (4/15)
 Temple: D:4-7

Altars:
Dithmenos
Gozag
Nemelex Xobeh


Innate Abilities, Weirdness & Mutations

You cannot wear armour.
You are incapable of wielding weapons or throwing items.
Your paws allow you to move quietly. (Stealth)
You have sharp claws.
You have razor-sharp teeth.
You have supernaturally acute eyesight. (SInv)
You are carnivorous and can eat meat at any time.
You cover ground quickly.
You are covered in fur. (AC +1)
You have a slow metabolism.
Your sharp claws are effective at attacking unaware monsters.


Message History

Found a whip.
Found a stone staircase leading down.
There is an open door here.
You now have 130 gold pieces (gained 12).
q - a smoky grey potion
a - 23 arrows (gained 17)
You now have 133 gold pieces (gained 3).
The orc is too close now for your liking.
The orc barely misses you. The orc closely misses you.
The orc hits you with a +0 hand axe. The orc hits you but does no damage.
The orc misses you. The orc completely misses you. The orc misses you.
The orc misses you. The orc hits you with a +0 hand axe.
The orc hits you with a +0 hand axe! The orc hits you with a +0 hand axe!
You die...

#.#######.#
#.# #.#
########'####
#.#
.....>.....#
#.#
#..........#
#.#
#..........#
#.#
#........).#
#.#
#..o.......#
#.#
#..@.......#
#.#
#..........#
#.#
#..........#
#.#
#..........#
#.#
#..........#
#.#
#####+######
#.# #.# ..#


You could see an orc.

Vanquished Creatures
  Terence (D:3)
  Natasha (thrice) (D:3)
  An adder (D:2)
  An ooze (D:3)
  A worm (D:2)
  2 leopard geckos (D:2)
  6 orcs (D:3)
  3 giant cockroaches
  12 goblins
  7 hobgoblins
  2 jackals (D:1)
  3 kobolds
  2 ball pythons
  6 bats
  5 frilled lizards
  9 rats
64 creatures vanquished.

Vanquished Creatures (collateral kills)
  An ogre (D:4)
  Robin (D:2)
  A goblin (D:2)
  A rat (D:2)
4 creatures vanquished.

Grand Total: 68 creatures vanquished

Notes
Turn   | Place    | Note
-------+----------+-------------------------------------------
     0 | D:1      | Katsumi the Felid Transmuter began the quest for the Orb.
     0 | D:1      | Reached XP level 1. HP: 9/9 MP: 4/4
     2 | D:1      | Noticed a minotaur
     2 | D:1      | Noticed a demonspawn
     6 | D:1      | Noticed a gargoyle
     6 | D:1      | Noticed a naga
     8 | D:1      | Noticed an elf
     8 | D:1      | Noticed a spriggan
    10 | D:1      | Noticed a draconian
    10 | D:1      | Noticed a human
    12 | D:1      | Noticed a demigod
    14 | D:1      | Noticed a felid
    14 | D:1      | Noticed a halfling
    16 | D:1      | Noticed a vampire
    18 | D:1      | Noticed a formicid
    18 | D:1      | Noticed a merfolk
    20 | D:1      | Noticed an ogre
    20 | D:1      | Noticed a ghoul
    22 | D:1      | Noticed a tengu
    22 | D:1      | Noticed a dwarf
    24 | D:1      | Noticed a vine stalker
    24 | D:1      | Noticed a troll
    26 | D:1      | Noticed an octopode
    26 | D:1      | Noticed a centaur
   253 | D:1      | Reached XP level 2. HP: 13/13 MP: 4/6
   262 | D:1      | Learned a level 2 spell: Sticks to Snakes
   784 | D:1      | Reached XP level 3. HP: 5/17 MP: 5/7
  1035 | D:2      | Noticed Robin
  1047 | D:2      | Killed Robin
  1396 | D:2      | Found a sparkling altar of Nemelex Xobeh.
  1411 | D:2      | Reached skill level 3 in Transmutations
  2146 | D:2      | Reached XP level 4. HP: 21/21 MP: 6/8
  2363 | D:3      | Found a shadowy altar of Dithmenos.
  3169 | D:3      | Noticed Terence
  3171 | D:3      | Found an opulent altar of Gozag.
  3187 | D:3      | Killed Terence
  3187 | D:3      | Reached skill level 4 in Transmutations
  3637 | D:3      | Noticed Natasha
  3648 | D:3      | Killed Natasha
  3648 | D:3      | Reached XP level 5. HP: 17/24 MP: 7/9
  4103 | D:3      | Noticed Natasha
  4108 | D:3      | Killed Natasha
  4108 | D:3      | Reached skill level 5 in Transmutations
  4587 | D:3      | Noticed Natasha
  4596 | D:3      | Killed Natasha
  4750 | D:4      | Noticed an ogre
  4775 | D:4      | Killed an ogre
  4790 | D:4      | Learned a level 5 spell: Blade Hands
  4860 | D:4      | Killed from afar by an orc priest
  4861 | D:4      | Reached XP level 4. HP: -1/31 MP: 5/8
  4916 | D:4      | Slain by an orc

Levels and vault maps discovered:
D:1:      kb_arrival_jail, layout_loops_ring
D:2:      layout_rooms, nemelex_xobeh_ov_fountains_minmay, uniq_robin
D:3:      layout_basic, lemuel_crystal_altar, lemuel_crystal_altar,
          uniq_natasha, uniq_terence
D:4:      layout_basic, kennysheep_little_box, okawaru_gym_becter

Skill      XL: |  1  2  3  4  5 |
---------------+----------------+-----
Fighting       | 2 3 |  3.0
Transmutations | 3 4 5 |  5.8
Dodging        | |  2.6
Unarmed Combat | |  3.0
Spellcasting   | |  2.0

Action                   |  1- 3 |  4- 6 || total
-------------------------+-------+-------++-------
Melee: Unarmed           |   116 |    76 ||   192
       Headbutt          |     7 |    15 ||    22
       Bite              |     6 |    11 ||    17
       Punch             |     2 |       ||     2
 Cast: Beastly Appendage |    33 |    16 ||    49
       Sticks to Snakes  |     2 |     3 ||     5
       Blade Hands       |       |     1 ||     1
 Abil: Evoke Berserk Rag |       |     4 ||     4
  Use: Scroll            |       |     3 ||     3
 Stab: Sleeping          |     4 |     1 ||     5
  Eat: Chunk             |    10 |    11 ||    21
Armor: Skin              |    10 |       ||    10
Dodge: Dodged            |   125 |    63 ||   188
